 Dungeon Crawl Stone Soup version 0.20.1-1-g8b1a95d (console) character file.

42 vuolankoinen the Sneak (level 3, 0/14 HPs)
             Began as a Felid Wizard on Nov 8, 2017.
             Slain by an orc
             ... wielding a +0 mace
              (4 damage)
             ... on level 3 of the Dungeon.
             The game lasted 00:05:37 (1498 turns).

vuolankoinen the Sneak (Felid Wizard)               Turns: 1498, Time: 00:05:38

Health: 0/14       AC:  1    Str:  4    XL:     3   Next: 33%
Magic:  1/8        EV: 18    Int: 19    God:
Gold:   47         SH:  0    Dex: 14    Spells: 1/8 levels left
                                        Lives:  0   Deaths: 0

rFire    . . .     SeeInvis +     - Unarmed
rCold    . . .     Gourm    .   (shield unavailable)
rNeg     . . .     Faith    .   (armour unavailable)
rPois    .         Spirit   .   (helmet unavailable)
rElec    .         Reflect  .   (cloak unavailable)
rCorr    .         Harm     .   (gloves unavailable)
MR       .....                  (boots unavailable)
Stlth    +++.......             (no amulet)
Regen    0.1/turn               (no ring)
MPRegen  0.2/turn               (no ring)

@: very slightly contaminated, quick
A: no armour, no weapons or thrown items, stealth, claws 1, fangs 3, see
invisible, carnivore 3, speed 1, shaggy fur 1, slow metabolism 1, sharp paws
a: no special abilities


You were on level 3 of the Dungeon.
You were completely stuffed.

You visited 1 branch of the dungeon, and saw 3 of its levels.

You collected 47 gold pieces.

Inventory:

Scrolls
 d - a scroll of identify {unknown}
 e - 2 scrolls of remove curse {unknown}
 g - a scroll of blinking {unknown}
 i - a scroll of noise {unknown}
Potions
 c - a potion of resistance {unknown}
 h - a potion of agility {unknown}
Books
 a - a book of Minor Magic

   Spells                             Type                      Level
   a - Magic Dart                     Conjuration                  1
   b - Blink                          Translocation                2
   c - Call Imp                       Summoning                    2
   d - Slow                           Hexes                        2
   e - Conjure Flame                  Conjuration/Fire             3
   f - Mephitic Cloud                 Conjuration/Poison/Air       3
Comestibles
 b - 2 meat rations
 f - a royal jelly


   Skills:
 + Level 3.4 Dodging
 + Level 3.9 Stealth
 + Level 1.5 Unarmed Combat
 - Level 3.0 Spellcasting
 - Level 0.8 Conjurations
 - Level 1.0 Summonings
 - Level 1.7 Translocations


You had one spell level left.
You knew the following spells:

 Your Spells              Type           Power        Failure   Level  Hunger
a - Magic Dart            Conj           #...         11%         1    None
b - Blink                 Tloc           N/A          12%         2    ##.....
c - Call Imp              Summ           #.......     16%         2    ##.....
d - Slow                  Hex            #.......     22%         2    ##.....


Dungeon Overview and Level Annotations

Branches:
Dungeon (3/15)

Altars:

Annotations:
D:2 exclusion: adder, Robin


Innate Abilities, Weirdness & Mutations

You cannot wear armour.
You are incapable of wielding weapons or throwing items.
Your paws allow you to move quietly. (Stealth)
You have sharp claws.
You have razor-sharp teeth.
You have supernaturally acute eyesight. (SInv)
You are carnivorous and can eat meat at any time.
You cover ground quickly.
You are covered in fur. (AC +1)
You have a slow metabolism.
Your sharp claws are effective at attacking unaware monsters.


Message History

Aiming: Magic Dart
Press: ? - help, Shift-Dir - straight line, f/p - orc
Aim: an orc, wielding a mace and wearing a ring mail (heavily wounded)
The magic dart hits the orc.
The orc is heavily wounded.
Things that are here:
a trident; a scale mail The goblin shouts!
You scratch the goblin but do no damage.
The goblin barely misses you.
You barely miss the goblin. The goblin closely misses you.
You barely miss the goblin. The goblin barely misses you.
The orc closely misses you.
You scratch the goblin.
The goblin is moderately wounded.
The goblin hits you with a dagger.
* * * LOW HITPOINT WARNING * * *
You closely miss the goblin. You bite the goblin.
You kill the goblin!
The orc hits you with a mace.
You die...

%.>#.# #.#g# #.#.#
#.#.#
######.#.#########
#........).......#
#.####.#.#######.#
#.#..#.#.# #.#
#....#.#.# #.#
###.##.#)# #.#
#.<†.#.#@# #.#
######.#o# #.#
#.#.# #.# #.#)#
#.# #.#.#######.#
#...o.....#
#.######### ###


You could see an orc.

Vanquished Creatures
  A gnoll (D:1)
  A leopard gecko (D:1)
  2 orcs (D:3)
  A giant cockroach (D:2)
  4 goblins
  2 hobgoblins
  5 bats
  2 frilled lizards
  7 kobolds (D:1)
  5 rats (D:1)
30 creatures vanquished.

Vanquished Creatures (collateral kills)
  An orc (D:3)
1 creature vanquished.

Grand Total: 31 creatures vanquished

Notes
Turn   | Place    | Note
-------+----------+-------------------------------------------
     0 | D:1      | vuolankoinen the Felid Wizard began the quest for the Orb.
     0 | D:1      | Reached XP level 1. HP: 7/7 MP: 5/5
   201 | D:1      | Reached XP level 2. HP: 11/11 MP: 5/7
   227 | D:1      | Learned a level 2 spell: Blink
   230 | D:1      | Learned a level 2 spell: Call Imp
   233 | D:1      | Learned a level 2 spell: Slow
   651 | D:1      | Reached skill level 1 in Unarmed Combat
  1056 | D:1      | Reached XP level 3. HP: 6/14 MP: 0/8
  1316 | D:2      | Noticed Robin
  1498 | D:3      | Slain by an orc

Skill      XL: |  1  2 |
---------------+-------+-----
Stealth        | 3 |  3.9
Dodging        | 3 |  3.4
Unarmed Combat | 1 |  1.5
Spellcasting   | |  3.0
Conjurations   | |  0.8
Summonings     | |  1.0
Translocations | |  1.7

Action                   || total
-------------------------++-------
Melee: Unarmed           ||    45
       Bite              ||     4
       Punch             ||     1
 Cast: Magic Dart        ||    37
       Call Imp          ||     2
 Stab: Sleeping          ||     9
       Distracted        ||     1
  Eat: Chunk             ||     8
Armor: Skin              ||     3
Dodge: Dodged            ||    38
